AoeStats
← patrickwork0001

Arena

505638948Analyzed
4v4 RM · 23d ago on Sep 10, 2026· 49m 4s· 8 players
Game mode
Random Map
Map size
Large (8 player)
Population
200
Speed
Normal
Resources
Standard
Victory
Conquest
Starting age
Dark Age
Ending age
Imperial Age
RankedLock teamsTeams togetherTeam positionsShared explorationLock speedFull tech treeHidden civsTurbo modeCheats
Victory
Defeat
🇺🇸 Vietnamese · United States
1193
+14
🇦🇺 Mongols · Australia
1176
+14
🇨🇳 Franks · China
1170
+15
🇨🇦 Celts · Canada
1161
+15
🇨🇳 Persians · China
1198
-17
🇨🇳 Cumans · China
1193
-16
🇭🇰 Vietnamese · Hong Kong SAR China
1126
-14
🇭🇰 Teutons · Hong Kong SAR China
1055
-11
Chiggen Tendiezzz
10:59 Feudal Age
16:14 Castle Age
14:27 Double-Bit Axe
14:26 Horse Collar
15:03 Gold Mining
15:25 Stone Mining
17:35 Bow Saw
17:30 Heavy Plow
18:36 Loom
20:50 Town Watch
22:49 Wheelbarrow
24:17 Hand Cart
24:43 Fletching
25:19 Padded Archer Armor
26:36 Bodkin Arrow
27:48 Ballistics
28:36 Thumb Ring
33:13 Imperial Age
31:48 Elite Skirmisher
32:46 Leather Archer Armor
32:33 Scale Mail Armor
32:43 Forging
33:17 Heavy Cavalry Archer
34:02 Bracer
35:07 Chemistry
33:48 Treadmill Crane
34:14 Siege Engineers
34:33 Paper Money
35:06 Imperial Skirmisher
38:13 Two-Man Saw
37:56 Squires
37:41 Arson
37:17 Elite Fire Lancer
39:26 Chain Mail Armor
39:21 Forging
39:43 Ring Archer Armor
40:03 Bloodlines
39:54 Husbandry
44:00 Plate Mail Armor
44:05 Iron Casting
44:42 Caravan
Testing_123
11:09 Feudal Age
12:36 Loom
15:40 Castle Age
14:07 Double-Bit Axe
14:05 Horse Collar
15:03 Gold Mining
17:08 Bow Saw
23:21 Wheelbarrow
23:45 Pikeman
24:51 Town Watch
25:58 Hand Cart
38:33 Gold Shaft Mining
38:29 Scale Mail Armor
38:40 Forging
40:17 Chain Mail Armor
40:38 Iron Casting
43:33 Imperial Age
41:48 Scale Barding Armor
43:25 Heavy Plow
44:51 Conscription
43:57 Halberdier
45:49 Plate Mail Armor
46:20 Blast Furnace
45:30 Capped Ram
47:32 Siege Ram
48:11 Stronghold
The Knight
10:08 Feudal Age
15:37 Castle Age
13:54 Double-Bit Axe
17:35 Bow Saw
23:08 Wheelbarrow
24:46 Gold Mining
24:51 Loom
27:20 Gold Shaft Mining
26:49 Town Watch
27:19 Hand Cart
30:09 Imperial Age
28:59 Scale Barding Armor
29:04 Forging
30:02 Husbandry
30:26 Chain Barding Armor
31:17 Iron Casting
31:17 Conscription
30:21 Cavalier
32:42 Plate Barding Armor
33:41 Paladin
34:50 Town Patrol
36:52 Blast Furnace
36:04 Masonry
35:50 Murder Holes
38:26 Scale Mail Armor
39:56 #83
41:11 Herbal Medicine
43:35 Fletching
43:46 Padded Archer Armor
44:01 Chain Mail Armor
44:10 Elite Throwing Axeman
45:20 Bodkin Arrow
45:40 Leather Archer Armor
AbIGwAteRmElOn
2:10 Loom
11:50 Feudal Age
12:13 Horse Collar
12:51 Double-Bit Axe
14:41 Town Watch
20:25 Castle Age
18:34 Stone Mining
18:51 Gold Mining
20:08 Wheelbarrow
22:14 Bow Saw
23:25 Heavy Plow
29:41 Imperial Age
27:32 Bloodlines
28:09 Husbandry
29:38 Forging
29:35 Scale Barding Armor
31:32 Iron Casting
31:25 Conscription
30:30 Heavy Camel Rider
31:49 Hand Cart
33:40 Blast Furnace
33:00 Chain Barding Armor
32:38 Light Cavalry
34:25 Gold Shaft Mining
34:14 Chain Barding Armor
33:45 Fletching
36:23 Stone Shaft Mining
36:15 Town Patrol
37:40 Hussar
39:27 Bodkin Arrow
39:33 Padded Archer Armor
39:13 Capped Ram
40:20 Bracer
41:25 Chemistry
41:43 Leather Archer Armor
41:46 Elite Mangudai
43:33 Ballistics
42:50 Siege Ram
43:46 Masonry
46:16 Hoardings
48:12 Caravan
48:43 Drill
清纯帝
9:46 Feudal Age
19:16 Horse Collar
19:21 Double-Bit Axe
22:28 Castle Age
20:30 Gold Mining
22:39 Forging
22:35 Scale Barding Armor
22:44 Bloodlines
22:53 Capped Ram
25:06 Heavy Plow
25:16 Bow Saw
36:10 Imperial Age
33:46 Stone Mining
35:07 Wheelbarrow
34:36 Scale Mail Armor
34:52 Pikeman
35:51 Chain Mail Armor
36:11 Iron Casting
36:50 Steppe Husbandry
36:55 Squires
36:41 Arson
37:14 Hand Cart
36:21 Halberdier
38:51 Two-Man Saw
37:45 Town Watch
37:46 Loom
38:37 Conscription
38:34 Town Patrol
39:08 Crop Rotation
39:18 Gold Shaft Mining
39:52 Plate Mail Armor
40:23 Blast Furnace
39:38 Light Cavalry
40:39 Chain Barding Armor
41:13 Hussar
42:59 Elite Steppe Lancer
46:26 Plate Barding Armor
48:12 Elite Skirmisher
48:57 Thumb Ring
48:45 Fletching
48:55 Padded Archer Armor
建興法師
11:00 Feudal Age
13:05 Loom
15:42 Castle Age
14:06 Horse Collar
15:25 Double-Bit Axe
17:44 Bow Saw
24:56 Heavy Plow
30:04 Imperial Age
28:16 Fletching
28:36 Gold Mining
28:11 Elite Skirmisher
28:53 Padded Archer Armor
30:07 Wheelbarrow
30:43 Bodkin Arrow
31:20 Ballistics
32:10 Hand Cart
32:51 Bracer
33:07 Leather Archer Armor
34:30 Ring Archer Armor
34:36 Scale Mail Armor
34:47 Forging
35:42 Chain Mail Armor
34:53 Elite Fire Lancer
35:08 Crossbowman
36:38 Iron Casting
37:48 Plate Mail Armor
38:02 Squires
40:08 Chemistry
42:25 Imperial Skirmisher
43:11 Thumb Ring
42:57 Imperial Skirmisher
43:43 Thumb Ring
45:00 Arbalester
patrickwork0001
10:31 Feudal Age
14:34 Castle Age
13:06 Double-Bit Axe
13:38 Horse Collar
16:31 Bow Saw
21:58 Stone Mining
23:05 Gold Mining
24:00 Loom
24:55 Wheelbarrow
29:36 Imperial Age
28:21 Bloodlines
28:18 Scale Barding Armor
29:39 Cavalier
31:01 Conscription
31:10 Chain Barding Armor
31:02 Forging
31:39 Hand Cart
34:05 Plate Barding Armor
35:02 Hoardings
35:45 Chemistry
34:58 Paladin
35:36 Pikeman
36:17 Squires
36:53 Iron Casting
36:19 Scale Mail Armor
36:25 Halberdier
39:08 Blast Furnace
39:01 Chain Mail Armor
39:39 Crenellations
39:35 Heavy Plow
43:54 Crop Rotation
46:34 Two-Man Saw
47:03 Fortified Wall
47:03 Masonry
546308830
9:54 Feudal Age
15:15 Castle Age
13:57 Double-Bit Axe
16:15 Bow Saw
16:41 Loom
21:08 Horse Collar
25:24 Bloodlines
30:51 Imperial Age
28:58 Wheelbarrow
28:32 Heavy Plow
29:23 Gold Mining
29:41 Scale Barding Armor
30:48 Light Cavalry
31:28 Husbandry
32:15 Chain Barding Armor
32:06 Forging
31:49 Heavy Camel Rider
33:07 Conscription
33:35 Gold Shaft Mining
33:21 Hand Cart
36:06 Plate Barding Armor
37:04 Two-Man Saw
36:33 Fletching
37:20 Iron Casting
36:55 Town Watch
37:54 Kamandaran
40:05 Blast Furnace
40:26 Cavalier
40:28 Hussar
43:08 Ballistics
43:48 Chemistry
42:48 Bodkin Arrow
42:54 Padded Archer Armor
42:47 Crossbowman
43:33 Thumb Ring
44:58 Leather Archer Armor
44:57 Masonry
45:27 Crop Rotation
Connection lost

Rejoining the realm…

Still unreachable

The connection could not be restored.

Session expired

The server has moved on; the page needs a fresh start.